 Dungeon Crawl Stone Soup version 0.25.1-2-g60ff931df9 (webtiles) character file.

Game seed: 9584673736081776965

42 Doot the Chopper (level 3, -2/40 HPs)
             Began as a Demonspawn Gladiator on Sept 9, 2020.
             Killed from afar by Sigmund (4 damage)
             ... with a puff of flame
             ... on level 3 of the Dungeon.
             The game lasted 00:02:18 (1564 turns).

Doot the Chopper (Demonspawn Gladiator)             Turns: 1564, Time: 00:02:18

Health: -2/40      AC: 21    Str: 14 (15) XL:     3   Next: 35%
Magic:  0/3        EV:  2    Int:  6 (9)  God:
Gold:   33         SH:  0    Dex: 11 (14) Spells: 2/2 levels left

rFire    . . .     SeeInvis .   k - +0 dagger (venom)
rCold    . . .     Gourm    .   (no shield)
rNeg     + + +     Faith    .   (armour currently unavailable)
rPois    +         Spirit   +   (helmet currently unavailable)
rElec    .         Reflect  .   (cloak currently unavailable)
rCorr    .         Harm     .   (gloves currently unavailable)
MR       .....     NoTele   +   (boots currently unavailable)
Stlth    +.........             m - amulet of guardian spirit
HPRegen  0.13/turn              (no ring)
MPRegen  0.08/turn              (no ring)

@: tree-form
A: no striking features
a: no special abilities


You were on level 3 of the Dungeon.
You were not hungry.
You were a tree.
You visited 1 branch of the dungeon, and saw 3 of its levels.

You collected 33 gold pieces.

Inventory:

Hand Weapons
 a - a +0 war axe
 k - a +0 dagger of venom (weapon)
Armour
 b - a +0 leather armour (melded)
 c - a +0 helmet (melded)
 e - a +0 pair of gloves (melded)
Jewellery
 m - an amulet of guardian spirit (around neck)
Scrolls
 i - a scroll of identify {unknown}
 j - a scroll of magic mapping {unknown}
Comestibles
 f - 3 rations


   Skills:
 + Level 2.2 Fighting
 + Level 3.3 Axes
 + Level 1.9 Throwing
 + Level 0.3 Armour
 + Level 3.1 Dodging


You had 2 spell levels left.
You didn't know any spells.
Your spell library was empty.

Dungeon Overview and Level Annotations

Branches:
Dungeon (3/15)

Altars:

Annotations:
D:3 Sigmund


Innate Abilities, Weirdness & Mutations

((You are mostly covered in molten scales. (AC +3)))


Message History

Throwing (i - inventory)
d - 4 throwing nets (quivered)
Press: ? - help, Shift-Dir - straight line, f - Sigmund
Aim: Sigmund, wielding a +0 scythe and wearing a +0 robe You throw a throwing net.
Throwing (i - inventory)
d - 3 throwing nets (quivered)
Press: ? - help, Shift-Dir - straight line, f/p - Sigmund
Aim: Sigmund, wielding a +0 scythe and wearing a +0 robe You throw a throwing net.
Throwing (i - inventory)
d - 2 throwing nets (quivered)
Press: ? - help, Shift-Dir - straight line, f/p - Sigmund
Aim: Sigmund, wielding a +0 scythe and wearing a +0 robe You throw a throwing net.
Sigmund hits you but does no damage.
Throwing (i - inventory)
d - a throwing net (quivered)
Press: ? - help, Shift-Dir - straight line, f/p - Sigmund
Aim: Sigmund, wielding a +0 scythe and wearing a +0 robe You throw a throwing net.
You feel less confused.
Sigmund points at you and mumbles some strange words.
The puff of flame hits you.
You die...

#.........# #######...
####.........# #.........
#...(......>.###....†....
#........................
#........####.###....####
#........####.###.@..###.
#.............#........#.
###...........#......#.#.
###.....♣.@..........#.#.
#.....<..............# #.
#.#......................
#.##.#...................
# #.............#.#####..
#..#..........#.....#..
###...................#
........((.(.........
...#......... .......


You could see Sigmund.

Vanquished Creatures
  An ooze (D:3)
  3 worms
  A dart slug (D:1)
  A leopard gecko (D:3)
  3 giant cockroaches
  3 goblins
  6 kobolds
  4 bats
  3 frilled lizards
  4 rats
29 creatures vanquished.

Notes
Turn   | Place    | Note
-------+----------+-------------------------------------------
     0 | D:1      | Doot the Demonspawn Gladiator began the quest for the Orb.
     0 | D:1      | Reached XP level 1. HP: 16/16 MP: 1/1
   149 | D:1      | Gained mutation: You are partially covered in molten
                  | scales. (AC +2) [demonic ancestry]
   149 | D:1      | Reached XP level 2. HP: 14/22 MP: 2/2
  1363 | D:3      | Gained mutation: You are mostly covered in molten scales.
                  | (AC +3) [demonic ancestry]
  1363 | D:3      | Reached XP level 3. HP: 27/27 MP: 3/3
  1507 | D:3      | Noticed Sigmund
  1558 | D:3      | HP: 1/27 [Sigmund/magic dart (6)]
  1564 | D:3      | Killed from afar by Sigmund

Illustrated notes

Levels and vault maps discovered:
D:1:      matt_arrival_spirals, layout_rooms, serial_glass, glass_columns_c,
          glass_columns_a, item_on_display_a, item_on_display_a,
          item_on_display_a, st_stairs_3
D:2:      layout_loops_cross, old_standard_altar
D:3:      kennysheep_goblin_castle, layout_basic, uniq_sigmund

Skill      XL: |  1  2 |
---------------+-------+-----
Axes           | 3 |  3.3
Dodging        | 3 |  3.1
Fighting       | |  2.2
Throwing       | |  1.9
Armour         | |  0.3

Action                   || total
-------------------------++-------
Melee: War axe           ||    49
       Dagger            ||    34
Throw: Throwing net      ||     4
  Use: Potion            ||     2
  Eat: Chunk             ||     2
Armor: Leather armour    ||    37
Dodge: Dodged            ||    93
